 Dungeon Crawl Stone Soup version 0.32-a0-699-g1ee5eff69a (webtiles) character file.

Game seed: 8609277023940124936

62 BeKind the Chiller (level 4, 0/27 HPs)
             Began as an Octopode Ice Elementalist on Mar 14, 2024.
             Slain by an orc
             ... wielding a +0 club
              (4 damage)
             ... on level 3 of the Dungeon.
             The game lasted 00:05:07 (2328 turns).

BeKind the Chiller (Octopode Ice Elementalist)      Turns: 2328, Time: 00:05:08

Health: 0/27       AC:  1    Str:  7    XL:     4   Next: 8%
Magic:  2/7        EV: 12    Int: 19    God:
Gold:   156        SH:  0    Dex: 12    Spells: 1/8 levels left

rFire   . . .        f - +3 short sword
rCold   . . .        (no shield)
rNeg    . . .        (helmet restricted)
rPois   .            (no amulet)
rElec   .            (no ring)
rCorr   .            (no ring)
SInv    .            (no ring)
Will    .....        (no ring)
Stlth   +++          (no ring)
HPRegen 0.24/turn    (no ring)
MPRegen 0.10/turn    (no ring)
                     (no ring)

%: no passive effects
@: mighty, brilliant, very slightly contaminated, hasted, very quick
A: almost no armour, amphibious, 8 rings, camouflage 1, gelatinous body 1,
(nimble swimmer 1), tentacles, tentacle spike 1
a: no special abilities


You were on level 3 of the Dungeon.
You visited 1 branch of the dungeon, and saw 3 of its levels.

You collected 156 gold pieces.

Inventory:

Hand Weapons
 c - a +0 short sword
 f - a +3 short sword (weapon)
Jewellery
 l - a +6 ring of intelligence
Scrolls
 b - a scroll of amnesia {unknown}
 i - 3 scrolls of identify {unknown}
 k - a scroll of fear {unknown}
 m - 2 scrolls of teleportation {unknown}
 n - a scroll of poison {unknown}
Potions
 a - a potion of magic
 e - a potion of brilliance
 j - a potion of haste


   Skills:
 + Level 2.8 Dodging
 - Level 3.0 Stealth
 + Level 2.5 Spellcasting
 * Level 0.9 Summonings
 + Level 4.4 Ice Magic


You had one spell level left.
You knew the following spells:

 Your Spells              Type           Power      Damage    Failure   Level
a - Freeze                Ice            100%       1d10      2%          1
b - Summon Ice Beast      Ice/Summ       18%        N/A       16%         3
c - Call Canine Familiar  Summ           8%         N/A       32%         3

Your spell library contained the following spells:

 Spells                   Type           Power      Damage    Failure   Level
 Kiss of Death            Conj/Necr      12%        2d6       16%         1
 Frozen Ramparts          Ice            58%        1d9       8%          3
 Ozocubu's Armour         Ice            29%        N/A       8%          3
 Confusing Touch          Hex            3%         N/A       43%         3
 Sigil of Binding         Hex            3%         N/A       43%         3
 Dimensional Bullseye     Hex/Tloc       1%         N/A       85%         4
 Dispel Undead            Necr           3%         3d7       85%         4


Dungeon Overview and Level Annotations

Branches:
Dungeon (3/15)

Altars:
Okawaru

Shops:
D:2 (


Innate Abilities, Weirdness & Mutations

You cannot wear most types of armour.
You are amphibious.
You can wear up to eight rings at the same time.
Your skin changes colour to match your surroundings (Stealth+).
Your rubbery body absorbs attacks. (AC +1, EV +1)
((You are camouflaged when in or above water. (Stealth+)))
You have tentacles for arms and can constrict up to eight enemies at once.
One of your tentacles bears a spike.


Message History

You miscast Call Canine Familiar.
Nothing appears to happen.
The orc wizard gestures at you while chanting.
You are confused.
The orc hits you with a +0 morningstar!
Unknown command.
You're too confused to cast spells.
Okay, then.
You hit the orc.
The orc is heavily wounded.
The orc wizard hits you with a +0 dagger.
The orc barely misses you. The orc hits you with a +0 morningstar!
* * * LOW HITPOINT WARNING * * *
The orc wizard casts a spell.
The orc wizard flickers and vanishes!
Deactivating autopickup; reactivate with Ctrl-A.
The orc attacks as it pursues you! The orc hits you with a +0 club.
* * * LOW HITPOINT WARNING * * *
There is an open door, spattered with blood here.
You bump into the rock wall.
The orc wizard completely misses you.
It was a potion of might.
You feel very mighty all of a sudden. The orc hits you with a +0 club.
* * * LOW HITPOINT WARNING * * *
The orc wizard points at you and mumbles some strange words.
You are more confused.
It was a potion of curing.
You feel better. The orc misses you.
The orc wizard hits you with a +0 dagger.
* * * LOW HITPOINT WARNING * * *
It was a potion of brilliance.
You feel clever all of a sudden. The orc hits you with a +0 club.
* * * LOW HITPOINT WARNING * * *
The orc wizard closely misses you.
It was a potion of mutation.
You feel extremely strange.
One of your lower tentacles grows a sharp spike.
The orc barely misses you. The orc wizard closely misses you.
The orc misses you.
It was a potion of haste.
You feel yourself speed up. The orc hits you with a +0 club.
You die...

#. #.....<..####....
#. ##'#'#+### #....
##+###.#.# #..#+
#...##.#.# #######...
#...##.# # #.........
#...##.# #.....###.
#...##.# #.....# ##
##..o##.# #.....# #
#...o@..# #.....# #
#...o#### #.....####
#....# #.....'...
#....########.....####
#....##...........# #
#.#.###.######....# #
..#. #.# #....# # ##
#. #.# ##.### # #. #.#
#.# #


You could see an orc wizard and 2 orcs.

Vanquished Creatures
  3 ribbon worms
  An endoplasm (D:1)
  4 giant cockroaches
  3 goblins (D:1)
  8 hobgoblins
  4 jackals (D:2)
  7 quokkas
  8 ball pythons
  2 bats (D:2)
  4 frilled lizards
  4 kobolds (D:1)
  3 rats
51 creatures vanquished.

Notes
Turn   | Place    | Note
-------+----------+-------------------------------------------
     0 | D:1      | BeKind the Octopode Ice Elementalist began the quest for
                  | the Orb.
     0 | D:1      | Reached XP level 1. HP: 11/11 MP: 3/3
   160 | D:1      | Reached XP level 2. HP: 11/17 MP: 5/5
   756 | D:1      | Reached XP level 3. HP: 21/21 MP: 4/6
   990 | D:2      | Found a faded altar of an unknown god.
  1067 | D:2      | Learned a level 3 spell: Summon Ice Beast
  1119 | D:2      | Found Jolew's Antique Weapon Boutique.
  1290 | D:2      | HP: 1/21 [hobgoblin (2)]
  1654 | D:2      | Learned a level 3 spell: Call Canine Familiar
  1986 | D:3      | Found an iron altar of Okawaru.
  2091 | D:3      | Reached XP level 4. HP: 27/27 MP: 4/7
  2324 | D:3      | HP: 1/27 [orc/+0 club (2)]
  2327 | D:3      | Gained mutation: One of your tentacles bears a spike.
                  | [potion of mutation]
  2328 | D:3      | Slain by an orc

Illustrated notes

Levels and vault maps discovered:
D:1:      nicolae_arrival_washed_ashore, layout_loops_cross
D:2:      layout_loops_ring, serial_shops, shop, ebering_ecumenical_altar_box,
          kennysheep_generic_room_6
D:3:      minmay_bubble_buster, layout_basic, okawaru_trees_1

Skill      XL: |  1 |
---------------+----+-----
Stealth        | 3 |  3.0
Dodging        | |  2.8
Spellcasting   | |  2.5
Summonings     | |  0.9
Ice Magic      | |  4.4

Action                     |  1- 3 |  4- 6 || total
---------------------------+-------+-------++-------
  Melee: Short sword       |    54 |     3 ||    57
         Constrict         |    17 |     1 ||    18
         Unarmed           |     1 |       ||     1
         Tentacles         |     6 |     1 ||     7
   Cast: Freeze            |    29 |     1 ||    30
    Use: Potion            |       |     5 ||     5
   Stab: Sleeping          |    11 |       ||    11
 Armour: Skin              |    31 |     8 ||    39
  Dodge: Dodged            |    32 |     9 ||    41

Table legend: (Time is in decaauts)
 A = Elapsed time spent in this place.
 B = Non-inter-level travel time spent in this place.
 C = Inter-level travel time spent in this place.
 D = Time resting spent in this place.
 E = Time spent auto-exploring this place.
 F = Levels seen in this place.
 G = Mean time per level.
                   A        B        C        D        E       F      G
               +--------+--------+--------+--------+--------+-----+--------+
         Total |   2326 |   2215 |    111 |     26 |   1853 |   3 |  775.3 |
       Dungeon |   2326 |   2215 |    111 |     26 |   1853 |   3 |  775.3 |
               +--------+--------+--------+--------+--------+-----+--------+

Top non-repeatable levels by time:
     D:1: 940 daAuts
     D:2: 888 daAuts
     D:3: 497 daAuts
